 Dungeon Sprint DCSS version 0.23-a0-681-g26ad783 (webtiles) character file.

615 CyclopB the Basher (level 7, -8/66 HPs)
             Began as a Troll Berserker on Jan 10, 2019.
             Was a Believer of Trog.
             Mangled by Sonja
             ... wielding a +2 short sword of distortion
              (16 damage)
             ... in the Dungeon (Sprint I: "Red Sonja").
             The game lasted 00:03:24 (374 turns).

CyclopB the Basher (Troll Berserker)                 Turns: 374, Time: 00:03:24

Health: -8/66      AC:  5    Str: 26    XL:     7   Next: 21%
Magic:  6/6        EV: 13    Int:  3    God:    Trog [**....]
Gold:   297        SH:  0    Dex: 11    Spells: 6/6 levels left

rFire    . . .     SeeInvis .   a - +0 mace
rCold    . . .     Gourm    +   (no shield)
rNeg     . . .     Faith    .   b - +0 animal skin
rPois    .         Spirit   .   (helmet restricted)
rElec    .         Reflect  .   (no cloak)
rCorr    .         Harm     .   (gloves unavailable)
MR       ++...     NoTele   +   (boots unavailable)
Stlth    +.........             (no amulet)
HPRegen  1.61/turn              (no ring)
MPRegen  0.10/turn              (no ring)

@: lethally poisoned (-8 -> -10), berserk cooldown, regenerating, slowed, very
slow
A: large, unfitting armour, claws 3, fast metabolism 3, gourmand, regeneration
1, shaggy fur 1, tough skin 2
a: Berserk, Trog's Hand, Renounce Religion


You were in the Dungeon.
You worshipped Trog.
Trog was pleased with you.
You were not hungry.

You visited 1 branch You collected 297 gold pieces.

Inventory:

Hand Weapons
 a - a +0 mace (weapon)
 k - a +0 giant club
Armour
 b - a +0 animal skin (worn)
Wands
 j - a wand of flame (20)
Scrolls
 i - a scroll of blinking
 l - a scroll of magic mapping {unknown}
 m - a scroll of remove curse {unknown}
Potions
 d - a potion of curing
 e - a potion of heal wounds
 f - a potion of haste
 g - 2 potions of magic
 h - a potion of berserk rage
Comestibles
 c - 2 rations


   Skills:
 - Level 2.4 Fighting
 * Level 12.4 Maces & Flails
 + Level 7.1 Dodging


You had 6 spell levels left.
You didn't know any spells.
Your spell library was empty.

Dungeon Overview and Level Annotations

Branches:
Dungeon (1/1)

Altars:
Cheibriados
Dithmenos
Elyvilon
Fedhas
Gozag
Hepliaklqana
Kikubaaqudgha
Makhleb
Nemelex Xobeh
Okawaru
Qazlal
Ru
Sif Muna
Trog
Uskayaw
Vehumet
Wu Jian
Xom
Yredelemnul
Zin
The Shining One
Jiyva
Lugonu

Shops:
D [

Annotations:
D Sonja


Innate Abilities, Weirdness & Mutations

You are too large for most types of armour.
You have claws for hands.
Your metabolism is lightning-fast.
You like to eat raw meat.
Your natural rate of healing is unusually fast.
You are covered in fur. (AC +1)
You have very tough skin. (AC +2)


Message History

Sonja hits you with a +2 short sword of distortion.
Space warps horribly around you! Sonja closely misses you. x2
You closely miss Sonja.
You feel very sick.
Sonja hits you with a +2 short sword of distortion.
You feel a strange sense of stasis. Sonja barely misses you.
Sonja hits you with a +2 short sword of distortion.
Space bends around you.
* * * LOW HITPOINT WARNING * * *
Your skin crawls.
You feel resistant to hostile enchantments.
You feel somewhat more hungry.
You feel very sick. Sonja barely misses you.
Sonja hits you but does no damage. x2
Space bends around you.
* * * LOW HITPOINT WARNING * * *
Sonja hits you with a +2 short sword of distortion!
* * * LOW HITPOINT WARNING * * *
Space warps horribly around you!
You die...

###################
#<.#..'..#..'..#__#
#..'[.#..').#..'..+
#..#####'#####'#__#
#..####..#...#.####
#..#__####..##.#
#..#_____##'#_.+
#⌠⌠#_.∩...÷.K._#
####_..__##_@#+#
#_____###(# #######
#(# +$.$+ #$.$#
##.## #+#


You could see Sonja.

Vanquished Creatures
  A slime creature (D)
  Sigmund (D)
  A yak (D)
  An ogre (D)
  A jelly (D)
  Ijyb (D)
6 creatures vanquished.

Vanquished Creatures (others)
  A hornet (D)
1 creature vanquished.

Grand Total: 7 creatures vanquished

Notes
Turn   | Place    | Note
-------+----------+-------------------------------------------
     0 | D        | CyclopB the Troll Berserker began the quest for the Orb.
     0 | D        | Reached XP level 1. HP: 22/22 MP: 0/0
     1 | D        | Noticed Ijyb
    12 | D        | Killed Ijyb
    12 | D        | Reached skill level 5 in Maces & Flails
    12 | D        | Reached XP level 2. HP: 8/29 MP: 1/1
    52 | D        | Noticed an ogre
    62 | D        | Killed an ogre
    62 | D        | Reached skill level 7 in Maces & Flails
    62 | D        | Reached XP level 3. HP: 2/36 MP: 2/2
    62 | D        | Reached XP level 4. HP: 3/44 MP: 3/3
   145 | D        | Noticed Sigmund
   152 | D        | Killed Sigmund
   152 | D        | Reached ** piety under Trog
   152 | D        | Reached skill level 10 in Maces & Flails
   152 | D        | Reached skill level 5 in Dodging
   152 | D        | Reached XP level 5. HP: 50/50 MP: 4/4
   204 | D        | Found a deep blue altar of Sif Muna.
   205 | D        | Found an ornate altar of the Wu Jian Council.
   206 | D        | Found a radiant altar of Vehumet.
   210 | D        | Reached XP level 6. HP: 40/59 MP: 5/5
   242 | D        | Found Vikhlas's Antique Armour Emporium.
   242 | D        | Found an ancient bone altar of Kikubaaqudgha.
   242 | D        | Found a hazy altar of Hepliaklqana.
   242 | D        | Found a hide-covered altar of Uskayaw.
   242 | D        | Found a basalt altar of Yredelemnul.
   242 | D        | Found an opulent altar of Gozag.
   242 | D        | Found a snail-covered altar of Cheibriados.
   242 | D        | Found a sacrificial altar of Ru.
   242 | D        | Found a shadowy altar of Dithmenos.
   242 | D        | Noticed a yak
   251 | D        | Killed a yak
   251 | D        | Reached skill level 11 in Maces & Flails
   252 | D        | Found a stormy altar of Qazlal.
   252 | D        | Found a blossoming altar of Fedhas.
   252 | D        | Found a bloodstained altar of Trog.
   252 | D        | Found an iron altar of Okawaru.
   252 | D        | Found a glowing golden altar of the Shining One.
   252 | D        | Found a glowing silver altar of Zin.
   252 | D        | Found a white marble altar of Elyvilon.
   255 | D        | Found a sparkling altar of Nemelex Xobeh.
   269 | D        | Found a viscous altar of Jiyva.
   269 | D        | Found a corrupted altar of Lugonu.
   269 | D        | Noticed a slime creature
   297 | D        | Killed a slime creature
   297 | D        | Reached *** piety under Trog
   297 | D        | Reached skill level 12 in Maces & Flails
   297 | D        | Reached XP level 7. HP: 32/66 MP: 6/6
   298 | D        | Found a burning altar of Makhleb.
   298 | D        | Found a shimmering altar of Xom.
   362 | D        | Killed a hornet
   367 | D        | Noticed Sonja
   374 | D        | Mangled by Sonja

Vault maps used:
D:        dungeon_sprint_1

Skill      XL: |  1  2  3  4  5  6 |
---------------+-------------------+-----
Maces & Flails | 5 7 10 12 | 12.4
Dodging        | 3 4 5 7 |  7.1
Fighting       | |  2.4

Action                   |  1- 3 |  4- 6 |  7- 9 || total
-------------------------+-------+-------+-------++-------
Melee: Mace              |    18 |    29 |     1 ||    48
Invok: Berserk           |     1 |     2 |     1 ||     4
       Trog's Hand       |       |       |     1 ||     1
  Eat: Chunk             |       |     6 |       ||     6
Armor: Animal skin       |     4 |     3 |       ||     7
Dodge: Dodged            |     8 |     6 |     5 ||    19

Table legend:
 A = Non-vault XP
 B = Vault XP
 C = Vault XP percentage of total XP
 D = Non-vault monster count
 E = Vault monster count
 F = Vault count percentage of total count
                 A         B        C        D         E       F
            +---------+---------+-------+---------+---------+-------
      Total |       0 |     879 | 100.0 |       0 |       6 | 100.0
            +---------+---------+-------+---------+---------+-------
          D |       0 |     879 | 100.0 |       0 |       6 | 100.0
            +---------+---------+-------+---------+---------+-------
